 Dungeon Crawl Stone Soup version 0.30-a0-385-gfebfb9b408 (webtiles) character file.

Game seed: 5085399784842264587

632 pokeman the Magician (level 7, -2/40 HPs)
             Began as a Deep Elf Hedge Wizard on Dec 2, 2022.
             Succumbed to a water moccasin's poison
             ... on level 5 of the Dungeon.
             The game lasted 00:08:56 (5452 turns).

pokeman the Magician (Deep Elf Hedge Wizard)        Turns: 5452, Time: 00:08:56

Health: -2/40      AC:  5    Str:  7    XL:     7   Next: 24%
Magic:  7/20       EV: 13    Int: 21    God:
Gold:   151        SH:  0    Dex: 14    Spells: 13/21 levels left

rFire   . . .      SeeInvis .    u - +2 mace (venom)
rCold   . . .      Faith    .    (no shield)
rNeg    . . .      Spirit   .    q - +0 steam dragon scales
rPois   .          Reflect  .    c - +0 hat
rElec   .          Harm     .    (no cloak)
rCorr   .          Rampage  .    (no gloves)
Will    .....                    (no boots)
Stlth   ++........               (no amulet)
HPRegen 0.26/turn                (no ring)
MPRegen 0.17/turn                (no ring)

@: lethally poisoned (-2 -> -20), on blink cooldown, very slightly contaminated
A: no striking features
a: no special abilities


You were on level 5 of the Dungeon.
You visited 1 branch of the dungeon, and saw 5 of its levels.

You collected 151 gold pieces.

Inventory:

Hand Weapons
 a - a +2 whip of holy wrath
 u - a +2 mace of venom (weapon)
Armour
 c - a +0 hat (worn)
 q - +0 steam dragon scales (worn)
Wands
 r - a wand of iceblast (5)
 s - a wand of flame (10)
Scrolls
 b - 3 scrolls of fog {unknown}
 e - a scroll of enchant weapon {unknown}
 f - 4 scrolls of teleportation {unknown}
 g - 3 scrolls of identify {unknown}
 h - a scroll of blinking {unknown}
 j - 2 scrolls of noise {unknown}
 k - 2 scrolls of immolation {unknown}
 l - 2 scrolls of poison {unknown}
 m - 3 scrolls of vulnerability {unknown}
 o - 3 scrolls of magic mapping {unknown}
 t - a scroll of fear {unknown}
Potions
 d - 2 potions of magic
 n - a potion of flight {unknown}
 p - a potion of cancellation {unknown}
 v - a potion of lignification {unknown}


   Skills:
 - Level 2.0 Fighting
 + Level 1.0 Armour
 - Level 3.0 Dodging
 - Level 3.0 Stealth
 * Level 7.8 Spellcasting
 + Level 3.7 Conjurations
 + Level 2.4 Summonings
 - Level 1.1 Translocations
 - Level 1.1 Air Magic
 - Level 1.2 Poison Magic
 - Level 1.2 Evocations


You had 13 spell levels left.
You knew the following spells:

 Your Spells              Type           Power      Damage    Failure   Level
a - Magic Dart            Conj           96%        1d7       1%          1
b - Mephitic Cloud        Conj/Pois/Air  16%        N/A       11%         3
c - Call Imp              Summ           18%        N/A       4%          2
d - Blink                 Tloc           24%        N/A       8%          2

Your spell library contained the following spells:

 Spells                   Type           Power      Damage    Failure   Level
 Slow                     Hex            32%        N/A       9%          1
 Cigotuvi's Dreadful Rot  Necr/Pois/Air  22%        N/A       9%          2
 Animate Dead             Necr           8%         N/A       63%         4
 Haunt                    Necr/Summ      6%         N/A       100%        7
 Infestation              Necr           4%         N/A       100%        8


Dungeon Overview and Level Annotations

Branches:
Dungeon (5/15)
 Temple: D:4-7

Altars:
Wu Jian

Shops:
D:2 (


Message History

Casting: Call Imp (safe; 4% risk of failure)
Confirm with . or Enter, or press ? or * to list all spells.
Aiming: Magic Dart (safe; 1% risk of failure)
Press: ? - help, Shift-Dir - straight line, f - water moccasin
Aim: a water moccasin (moderately wounded, ally target, 100% to hit)
The magic dart hits the water moccasin.
The water moccasin is moderately wounded.
You feel sick. The water moccasin bites you.
You are more poisoned.
The water moccasin poisons you!
Your crimson imp hits the water moccasin.
You hit the water moccasin.
The water moccasin is severely wounded.
You feel very sick. The water moccasin barely misses you.
Your crimson imp completely misses the water moccasin.
The water moccasin bites you!
* * * LOW HITPOINT WARNING * * *
Casting: Magic Dart (safe; 1% risk of failure)
Confirm with . or Enter, or press ? or * to list all spells.
You miscast Blink.
You are very lightly contaminated with residual magic.
Nothing appears to happen.
* * * LOW HITPOINT WARNING * * *
You feel very sick. The water moccasin barely misses you.
Your crimson imp closely misses the water moccasin.
The water moccasin bites you.
* * * LOW HITPOINT WARNING * * *
Unknown command.
It was a potion of curing.
You feel better.
Your crimson imp blinks!
The water moccasin bites you!
* * * LOW HITPOINT WARNING * * *
You are lethally poisoned!
The water moccasin poisons you!
Casting: Blink (safe; 8% risk of failure)
Confirm with . or Enter, or press ? or * to list all spells.
You blink.
You die...

#....# # ##S...#
..######)....######
..........##......#
.......)))#####...#
........<.## ###.#
.....S.....# ##5#
....#####..## ##S§#
.... ##..###@..#
... ##.....### #
#...### #####


You could see a water moccasin (ally target) and a friendly crimson imp
(summoned).

Vanquished Creatures
  A black bear (D:5)
  2 bullfrogs
  A scorpion (D:4)
  3 hounds (D:4)
  An orc wizard (D:5)
  The ghost of MrSquiggles the Ducker, a weakling OpMo (D:3)
  4 gnolls
  4 adders
  A river rat (D:3)
  2 worms
  6 dart slugs
  10 orcs
  8 ball pythons
  A bat (D:3)
  8 endoplasms
  4 giant cockroaches
  3 goblins
  9 hobgoblins
  4 jackals (D:1)
  6 kobolds
  8 quokkas
  A frilled lizard (D:3)
  4 rats (D:1)
  A rat zombie (D:5)
93 creatures vanquished.

Vanquished Creatures (collateral kills)
  2 gnolls (D:2)
  An orc (D:4)
3 creatures vanquished.

Vanquished Creatures (others)
  A plant (D:4)
1 creature vanquished.

Grand Total: 97 creatures vanquished

Notes
Turn   | Place    | Note
-------+----------+-------------------------------------------
     0 | D:1      | pokeman the Deep Elf Hedge Wizard began the quest for the
                  | Orb.
     0 | D:1      | Reached XP level 1. HP: 10/10 MP: 7/7
   392 | D:1      | Reached XP level 2. HP: 16/16 MP: 5/9
   961 | D:1      | Reached skill level 5 in Spellcasting
  1113 | D:1      | Reached XP level 3. HP: 20/20 MP: 7/11
  1117 | D:1      | Learned a level 3 spell: Mephitic Cloud
  1120 | D:1      | Learned a level 2 spell: Call Imp
  1123 | D:1      | Learned a level 2 spell: Blink
  1571 | D:2      | Found Voruir Kell's Antique Weapon Shoppe.
  1858 | D:2      | HP: 1/20 [poisoned by miscasting Mephitic Cloud]
  1859 | D:2      | Reached skill level 1 in Fighting
  1859 | D:2      | Reached skill level 1 in Armour
  1981 | D:2      | Reached XP level 4. HP: 25/25 MP: 8/13
  3064 | D:3      | Reached skill level 6 in Spellcasting
  3330 | D:3      | Found a runed translucent door.
  3330 | D:3      | Noticed a bullfrog
  3332 | D:3      | Noticed MrSquiggles's ghost (weakling OpMo)
  3455 | D:3      | Found a runed translucent door.
  3586 | D:3      | Reached XP level 5. HP: 29/29 MP: 12/15
  3878 | D:3      | Killed MrSquiggles's ghost
  3888 | D:3      | Reached skill level 1 in Air Magic
  3888 | D:3      | Reached skill level 1 in Poison Magic
  3991 | D:4      | Reached XP level 6. HP: 11/34 MP: 11/17
  4161 | D:4      | Reached skill level 7 in Spellcasting
  5013 | D:4      | Found an ornate altar of the Wu Jian Council.
  5348 | D:5      | Entered Level 5 of the Dungeon
  5386 | D:5      | Reached XP level 7. HP: 38/39 MP: 6/20
  5401 | D:5      | Reached skill level 1 in Evocations
  5450 | D:5      | HP: 2/40 [water moccasin (4)]
  5452 | D:5      | Succumbed to a water moccasin's poison

Illustrated notes

Levels and vault maps discovered:
D:1:      kilobyte_arrival_exit_the_forest, layout_loops_ring
D:2:      layout_basic, serial_shops, shop, hangedman_abyss_or_decor_stabs
D:3:      layout_basic, ebering_ghost_sewer_f
D:4:      layout_loops_corners, mainiacjoe_overflow_chevrons
D:5:      layout_layer_cave, enter_ossuary_3, uniq_eustachio, uniq_edmund

Skill      XL: |  1  2  3  4  5  6  7 |
---------------+----------------------+-----
Spellcasting   | 5 6 7 |  7.8
Fighting       | 1 2 |  2.0
Armour         | 1 |  1.0
Conjurations   | 2 3 |  3.7
Stealth        | 3 |  3.0
Dodging        | 3 |  3.0
Air Magic      | 1 |  1.1
Poison Magic   | 1 |  1.2
Summonings     | 2 |  2.4
Evocations     | 1 |  1.2
Translocations | |  1.1

Action                   |  1- 3 |  4- 6 |  7- 9 || total
-------------------------+-------+-------+-------++-------
Melee: Dagger            |     9 |       |       ||     9
       Flail             |     1 |       |       ||     1
       Whip              |       |    50 |    11 ||    61
       Mace              |       |       |     1 ||     1
 Cast: Magic Dart        |    89 |   162 |     1 ||   252
       Call Imp          |     4 |     5 |     1 ||    10
       Mephitic Cloud    |     1 |     7 |     1 ||     9
       Blink             |       |       |     1 ||     1
  Use: Potion            |       |       |     1 ||     1
 Stab: Sleeping          |       |     2 |       ||     2
       Confused          |       |     1 |     1 ||     2
Armor: Robe              |     5 |     1 |       ||     6
       Steam dragon scal |       |    14 |     3 ||    17
       Leather armour    |       |     1 |       ||     1
Dodge: Dodged            |    26 |    56 |    16 ||    98

Table legend: (Time is in decaauts)
 A = Elapsed time spent in this place.
 B = Non-inter-level travel time spent in this place.
 C = Inter-level travel time spent in this place.
 D = Time resting spent in this place.
 E = Time spent auto-exploring this place.
 F = Levels seen in this place.
 G = Mean time per level.
                   A        B        C        D        E       F      G
               +--------+--------+--------+--------+--------+-----+--------+
         Total |   5469 |   5343 |    126 |    184 |   4385 |   5 | 1093.8 |
       Dungeon |   5469 |   5343 |    126 |    184 |   4385 |   5 | 1093.8 |
               +--------+--------+--------+--------+--------+-----+--------+

Top non-repeatable levels by time:
     D:1: 1713 daAuts
     D:4: 1392 daAuts
     D:2: 1272 daAuts
     D:3: 986 daAuts
     D:5: 105 daAuts
